 Dungeon Crawl Stone Soup version 0.30.1-1-g62c8e00024 (webtiles) character file.

Game seed: 1223845595574633992

21509 Peloso the Carver (level 12, -5/110 HPs)
             Began as a Minotaur Fighter on July 14, 2023.
             Was a High Priest of Okawaru.
             Slain by a skyshark (12 damage)
             ... on level 3 of the Lair of Beasts.
             The game lasted 00:28:39 (14029 turns).

Peloso the Carver (Minotaur Fighter)               Turns: 14029, Time: 00:28:39

Health: -5/110     AC: 21    Str: 22    XL:     12   Next: 54%
Magic:  12/12      EV:  9    Int:  5    God:    Okawaru [*****.]
Gold:   734        SH: 13    Dex: 20    Spells: 11/11 levels left

rFire   . . .        a - +2 scimitar
rCold   . . .        d - +0 kite shield
rNeg    . . .        n - +0 plate armour
rPois   .            D - +2 hat {SInv}
rElec   .            (no cloak)
rCorr   .            (no gloves)
SInv    +            (no boots)
Will    .....        (no amulet) Stlth
                     k - +4 ring of protection
HPRegen 0.38/turn    p - +6 ring of dexterity
MPRegen 0.13/turn

%: no passive effects
@: hasted, very quick
A: horns 2, retaliatory headbutt
a: Renounce Religion, Heroism, Finesse, Duel


You were on level 3 of the Lair of Beasts.
You worshipped Okawaru.
Okawaru was extremely pleased with you.
You visited 3 branches of the dungeon, and saw 14 of its levels.

You collected 734 gold pieces.

Inventory:

Hand Weapons
 a - a +2 scimitar (weapon)
 b - the +7 great mace "Firestarter" {flame, immolate, rFlCloud rF++}
   (You found it on level 3 of the Lair of Beasts)

   rFlCloud:  It grants immunity to clouds of flame.
   rF:        It greatly protects you from fire.
Armour
 c - a +0 pair of gloves
 d - a +0 kite shield (worn)
 n - a +0 plate armour (worn)
 D - a +2 hat of see invisible (worn)
Jewellery
 k - a +4 ring of protection (left hand)
 l - a ring of wizardry
 p - a +6 ring of dexterity (right hand)
 F - a ring of protection from cold
Wands
 r - a wand of polymorph (5)
 x - a wand of iceblast (12)
 G - a wand of acid (6)
Scrolls
 i - 3 scrolls of teleportation
 j - 2 scrolls of enchant weapon
 o - 2 scrolls of amnesia
 q - 2 scrolls of fog
 u - a scroll of noise
 v - 2 scrolls of identify
 w - a scroll of silence
 y - 2 scrolls of enchant armour
 A - a scroll of poison
 B - a scroll of immolation
 E - a scroll of magic mapping
Potions
 e - a potion of flight
 f - a potion of might
 g - 3 potions of magic
 h - 3 potions of mutation
 m - 3 potions of haste
 s - 4 potions of curing
 t - 5 potions of brilliance
 z - 3 potions of cancellation
Miscellaneous
 C - a lightning rod (4/4)


   Skills:
 + Level 11.5 Fighting
 + Level 9.8(12.0) Short Blades
 + Level 12.1(13.7) Long Blades
 + Level 0.5 Polearms
 + Level 11.4 Armour
 + Level 4.8 Dodging
 + Level 1.8 Stealth
 + Level 11.2 Shields
 + Level 1.4 Invocations
 + Level 0.3 Evocations


You had 11 spell levels left.
You didn't know any spells.
Your spell library contained the following spells:

 Spells                   Type           Power      Damage    Failure   Level
 Magic Dart               Conj           0%         1d3       100%        1
 Necrotise                Necr           0%         1d4       100%        1
 Searing Ray              Conj           0%         2d4       100%        2
 Sublimation of Blood     Necr           0%         N/A       100%        2
 Wereblood                Tmut           0%         N/A       100%        2
 Gell's Gravitas          Tloc           0%         N/A       100%        3
 Ozocubu's Armour         Ice            0%         N/A       100%        3
 Teleport Other           Tloc           0%         N/A       100%        3
 Vampiric Draining        Necr           0%         2d6       100%        3
 Fulminant Prism          Conj/Hex       0%         3d5       100%        4
 Agony                    Necr           0%         N/A       100%        5
 Dispersal                Tloc           0%         N/A       100%        6
 Ozocubu's Refrigeration  Ice            0%         4d7       100%        7
 Summon Hydra             Summ           Unusable   N/A       N/A         7

Dungeon Overview and Level Annotations

Branches:
Dungeon (10/15)            Temple (1/1) D:7            Lair (3/5) D:9
  Snake (0/4) Lair:2
  Swamp: Lair:2-3    Shoals: Lair:2-3       Orc: D:9-12

Altars:
Ashenzari
Cheibriados
Dithmenos
Elyvilon
Fedhas
Gozag
Hepliaklqana
Kikubaaqudgha
Nemelex Xobeh
Okawaru
Qazlal
Ru
Sif Muna
Trog
Vehumet
Wu Jian
Yredelemnul
The Shining One

Annotations:
D:4 3 runed translucent doors, Destapler's ghost, amateur DsMo


Innate Abilities, Weirdness & Mutations

You have a pair of horns on your head.
You reflexively headbutt those who attack you in melee.


Message History

You block the skyshark's attack. The skyshark closely misses you.
Unknown command.
You completely miss the skyshark. You headbutt the skyshark!
The skyshark is moderately wounded.
The skyshark bites you! You block the skyshark's attack. x2
Unknown command.
You barely miss the skyshark. You headbutt the skyshark!
The skyshark is heavily wounded.
You block the skyshark's attack. x2; The skyshark tail-slaps you.
Unknown command.
You hit the skyshark but do no damage. You headbutt the skyshark.
The skyshark is heavily wounded.
The skyshark bites you!! You block the skyshark's attack. x2
The skyshark bites you!! You block the skyshark's attack.
The skyshark tail-slaps you but does no damage.
Unknown command.
You slash the skyshark!
The skyshark is heavily wounded.
The skyshark bites you!!
* * * LOW HITPOINT WARNING * * *
The skyshark barely misses you.
The skyshark tail-slaps you but does no damage.
Unknown command.
You closely miss the skyshark. You headbutt the skyshark!
The skyshark is severely wounded.
The skyshark bites you!
* * * LOW HITPOINT WARNING * * *
The skyshark tail-slaps you but does no damage.
The skyshark barely misses you.
Unknown command.
Okay, then.
Okay, then.
You feel yourself speed up. The skyshark bites you!
* * * LOW HITPOINT WARNING * * *
The skyshark tail-slaps you but does no damage.
You block the skyshark's attack. You block the skyshark's attack.
The skyshark tail-slaps you but does no damage.
The skyshark tail-slaps you!
You die...

### ####### ########.###
#######
#..##.###.##..###.P####.P#P.##
................@............#
.....P..####....#l..#.......##
.....#.## #.....####.P....##
......#.........#...........#
.....##...##..........##...##
.....##...##....##....##...#
.....##...##..........##...##
......#.........#.....P#...P#
.....## .................##


You could see a skyshark (berserk).

Vanquished Creatures
  Gastronok (D:10)
  A centaur warrior (D:10)
  3 two-headed ogres
  A shock serpent (shapeshifter) (D:10)
  Sonja (D:10)
  A skeletal warrior (D:10)
  A wizard (D:9)
  A lindwurm (Lair:2)
  2 cyclopes (D:10)
  5 cane toads (Lair:1)
  A kobold demonologist (D:10)
  A rime drake (Lair:1)
  4 komodo dragons
  A queen bee (D:8)
  2 hornets
  Grinder (D:3)
  A raiju (shapeshifter) (D:10)
  Sigmund (D:3)
  A slime creature (D:10)
  3 shadows
  11 yaks
  A vampire (D:7)
  Grum (D:10)
  A wyvern (D:7)
  2 steam dragons (D:7)
  2 basilisks
  4 swamp worms (Lair:1)
  4 water moccasins
  2 nagas (Lair:2)
  7 orc warriors
  An ice beast (D:7)
  5 sky beasts (D:7)
  2 black bears (D:6)
  18 wolves
  A centaur (D:5)
  9 bullfrogs
  2 kobold brigands
  2 gnoll sergeants
  5 scorpions
  4 wights
  18 killer bees
  2 howler monkeys (D:7)
  An electric eel (D:8)
  A crimson imp (D:9)
  5 hounds
  3 jellies
  9 orc priests
  4 iguanas
  16 orc wizards
  Robin (D:3)
  5 gnolls (D:10)
  5 adders
  2 shadow imps
  A white imp (D:7)
  An ufetubus (D:5)
  A worm (D:5)
  3 dart slugs
  36 orcs
  7 bats
  9 endoplasms
  9 giant cockroaches
  12 goblins
  6 hobgoblins
  5 quokkas
  9 ball pythons
  8 frilled lizards
  22 kobolds
  7 rats
325 creatures vanquished.

Vanquished Creatures (others)
  An unseen horror (D:10)
  An orc wizard (D:4)
  An orc (D:8)
3 creatures vanquished.

Grand Total: 328 creatures vanquished

Notes
Turn   | Place    | Note
-------+----------+-------------------------------------------
     0 | D:1      | Peloso the Minotaur Fighter began the quest for the Orb.
     0 | D:1      | Reached XP level 1. HP: 19/19 MP: 0/0
    97 | D:1      | Reached XP level 2. HP: 27/27 MP: 1/1
   217 | D:1      | Reached skill level 3 in Long Blades
   372 | D:1      | Reached XP level 3. HP: 29/33 MP: 2/2
  1395 | D:2      | Found a faded altar of an unknown god.
  1749 | D:3      | Reached XP level 4. HP: 40/40 MP: 3/3
  1846 | D:3      | Noticed Sigmund
  1872 | D:3      | Killed Sigmund
  1873 | D:3      | Reached skill level 4 in Long Blades
  1873 | D:3      | Reached skill level 5 in Armour
  1873 | D:3      | Reached skill level 1 in Dodging
  1873 | D:3      | Reached XP level 5. HP: 31/47 MP: 4/4
  1879 | D:3      | Reached skill level 1 in Stealth
  1890 | D:3      | Reached XP level 6. HP: 37/53 MP: 5/5
  2031 | D:3      | Noticed Robin
  2039 | D:3      | Killed Robin
  2223 | D:3      | Reached skill level 5 in Long Blades
  2335 | D:3      | Noticed Grinder
  2336 | D:3      | Paralysed by Grinder for 5 turns
  2350 | D:3      | Killed Grinder
  2351 | D:3      | Reached skill level 5 in Fighting
  2640 | D:4      | Reached XP level 7. HP: 57/61 MP: 6/6
  2680 | D:4      | Found a runed translucent gate.
  2681 | D:4      | Found a runed translucent gate.
  2693 | D:4      | Reached skill level 6 in Long Blades
  2883 | D:4      | Found a runed translucent gate.
  2885 | D:4      | Noticed Destapler's ghost (amateur DsMo)
  3333 | D:4      | Found a stormy altar of Qazlal.
  3333 | D:4      | Found an ornate altar of the Wu Jian Council.
  3341 | D:4      | Found a snail-covered altar of Cheibriados.
  3347 | D:4      | Found a glowing golden altar of the Shining One.
  3348 | D:4      | Found a faded altar of an unknown god.
  3613 | D:5      | Entered Level 5 of the Dungeon
  3624 | D:5      | Reached skill level 5 in Shields
  4049 | D:5      | Reached skill level 7 in Long Blades
  4049 | D:5      | Reached XP level 8. HP: 62/70 MP: 7/7
  4462 | D:6      | Reached skill level 8 in Long Blades
  4494 | D:6      | Identified the +1 trident of Geapsadi {holy, Str+6}
  5023 | D:6      | Found a hazy altar of Hepliaklqana.
  5026 | D:6      | Found a faded altar of an unknown god.
  5075 | D:6      | Noticed a two-headed ogre
  5382 | D:7      | Reached skill level 9 in Long Blades
  5390 | D:7      | Reached XP level 9. HP: 69/78 MP: 8/8
  5714 | D:7      | Reached skill level 10 in Long Blades
  5871 | D:7      | Found a staircase to the Ecumenical Temple.
  5881 | Temple   | Entered the Ecumenical Temple
  5957 | Temple   | Became a worshipper of Warmaster Okawaru
  6888 | D:8      | Reached * piety under Okawaru
  6889 | D:8      | Reached XP level 10. HP: 90/90 MP: 9/9
  7126 | D:8      | Found a sacrificial altar of Ru.
  7619 | D:8      | Reached skill level 11 in Long Blades
  8571 | D:9      | Reached ** piety under Okawaru
  8788 | D:9      | Identified the +5 rapier of Income {flame, rC- Will+++
                  | Int+2 SInv}
  9001 | D:9      | Noticed a wizard
  9024 | D:9      | Killed a wizard
  9181 | D:9      | Noticed a two-headed ogre
  9190 | D:9      | Killed a two-headed ogre
  9191 | D:9      | Reached skill level 10 in Fighting
  9191 | D:9      | Reached skill level 1 in Short Blades
  9191 | D:9      | Reached skill level 12 in Long Blades
  9283 | D:9      | Noticed a two-headed ogre
  9297 | D:9      | Killed a two-headed ogre
  9297 | D:9      | Reached *** piety under Okawaru
  9298 | D:9      | Reached XP level 11. HP: 63/99 MP: 8/10
  9710 | D:9      | Found a staircase to the Lair.
  9772 | D:10     | Entered Level 10 of the Dungeon
 10298 | D:10     | Reached skill level 10 in Armour
 10340 | D:10     | Noticed a centaur warrior
 10657 | D:10     | Identified the +8 dagger of Ointment {holy, rF- Str+8
                  | Dex+5}
 10657 | D:10     | Noticed Grum
 10663 | D:10     | Killed a centaur warrior
 10663 | D:10     | Reached **** piety under Okawaru
 10664 | D:10     | Reached skill level 1 in Invocations
 10674 | D:10     | Killed Grum
 10743 | D:10     | Noticed an orb spider
 10749 | D:10     | an orb spider changed into a shock serpent
 10749 | D:10     | Noticed a shock serpent (shapeshifter)
 10755 | D:10     | Killed a shock serpent
 10756 | D:10     | Reached skill level 5 in Short Blades
 10758 | D:10     | Noticed a skeletal warrior
 10932 | D:10     | Killed a skeletal warrior
 11057 | D:10     | Reached skill level 10 in Shields
 11175 | D:10     | Identified the staff of poison "Litotying" {rPois Will+}
 11235 | D:10     | Noticed Sonja
 11235 | D:10     | Noticed Gastronok
 11259 | D:10     | Killed Sonja
 11259 | D:10     | Reached ***** piety under Okawaru
 11488 | D:10     | Killed Gastronok
 11683 | D:10     | Noticed a two-headed ogre
 11691 | D:10     | Killed a two-headed ogre
 11718 | Lair:1   | Entered Level 1 of the Lair of Beasts
 11996 | Lair:1   | Reached XP level 12. HP: 106/108 MP: 12/12
 12520 | Lair:1   | Identified the +0 pair of boots of the Trout {Harm rCorr
                  | Str-4} (Okawaru gifted it to you on level 1 of the Lair of
                  | Beasts)
 12520 | Lair:1   | Received a gift from Okawaru
 13440 | Lair:2   | Found a staircase to the Snake Pit.
 13933 | Lair:3   | Found the +7 great mace "Firestarter" {flame, immolate,
                  | rFlCloud rF++}
 14029 | Lair:3   | Slain by a skyshark

Illustrated notes

Levels and vault maps discovered:
D:1:      minmay_arrival_diagonal_passages, layout_basic
D:2:      minmay_recursive_quarters, layout_basic,
          chequers_ecumenical_altar_lobes
D:3:      layout_loops_cross, uniq_robin, uniq_sigmund, uniq_grinder
D:4:      layout_loops_ring, chequers_temple_overflow_minitemple,
          gammafunk_ghost_necromancy
D:5:      layout_rooms, item_on_display_a
D:6:      layout_rooms, beargit_hepliaklqana_dungeon_heroes,
          roderic_serpentine_path
D:7:      nzn_winding_woodlands_cross [nzn_winding_woodlands_5x15_jagged,
          nzn_winding_woodlands_5x15_lazy_stream,
          nzn_winding_woodlands_5x15_split_checker,
          nzn_winding_woodlands_5x15_pool, nzn_winding_woodlands_15x15_killbox],
          layout_basic, minmay_temple_entry_hall, serial_co_window_serial,
          co_window_of_opportunity_a, co_window_paths_a, co_window_paths_a,
          co_window_paths_a, co_window_paths_b, co_window_corner_a,
          co_window_paths_b, co_window_corner_b, co_window_of_opportunity_b,
          co_window_broadway_a, co_window_of_opportunity_b, co_window_paths_c,
          glass_columns_c, glass_columns_c, glass_columns_a, glass_columns_c,
          nrook_loot_triangle
D:8:      layout_basic, nicolae_ru_the_path_less_chosen,
          kennysheep_cluttered_room
D:9:      layout_basic, david_lair_shrubbed, lightli_wizard_tower
D:10:     minmay_cut_squares, layout_loops_ring, uniq_grum, uniq_sonja,
          uniq_gastronok
Temple:   eino_temple_scatter_basement
Lair:1:   layout_regular_city, serial_forest, infiniplex_forest_clump_tiny,
          infiniplex_forest_fountain, infiniplex_forest_clump_curved,
          infiniplex_forest_lined_corner, infiniplex_forest_straight_4,
          infiniplex_forest_lined_3, infiniplex_forest_lined_room_2,
          worms_lemuel, grunt_megastairs_5, lemuel_fruit_tree
Lair:2:   layout_roguey, guppyfry_snake_entry_garden
Lair:3:   layout_regular_city, minmay_swamp_entry_eels

Skill      XL: |  1  2  3  4  5  6  7  8  9 10 11 12 |
---------------+-------------------------------------+-----
Armour         | 4 5 6 7 8 9 10 11 | 11.4
Long Blades    | 3 4 5 7 9 10 12 | 12.1
Fighting       | 4 5 6 8 10 11 | 11.5
Shields        | 4 5 6 7 8 10 11 | 11.2
Dodging        | 1 2 3 4 |  4.8
Stealth        | 1 |  1.8
Short Blades   | 2 7 9 |  9.8
Invocations    | 1 |  1.4
Polearms       | |  0.5
Evocations     | |  0.3

Action                     |  1- 3 |  4- 6 |  7- 9 | 10-12 || total
---------------------------+-------+-------+-------+-------++-------
  Melee: Long sword        |   106 |    74 |   402 |    72 ||   654
         Headbutt          |    14 |    10 |    81 |   184 ||   289
         Trident           |       |       |    10 |       ||    10
         Scimitar          |       |       |       |   113 ||   113
         Rapier            |       |       |       |   483 ||   483
 Invoke: Heroism           |       |       |       |    13 ||    13
  Evoke: Wand              |       |       |       |     2 ||     2
         Lightning rod     |       |       |       |     1 ||     1
    Use: Scroll            |     6 |     4 |     2 |     9 ||    21
         Potion            |     5 |       |     6 |     2 ||    13
 Armour: Scale mail        |    67 |    38 |    51 |       ||   156
         Chain mail        |       |       |   162 |       ||   162
         Plate armour      |       |       |     9 |   227 ||   236
  Dodge: Dodged            |    60 |    38 |   151 |   163 ||   412
  Block: Buckler           |    30 |    14 |    65 |       ||   109
         Kite shield       |       |       |    72 |   374 ||   446
